 Dungeon Crawl Stone Soup version 0.22-a0-567-gff9aefc (webtiles) character file.

272 Hebeh the Chopper (level 6, -10/55 HPs)
             Began as a Minotaur Fighter on June 29, 2018.
             Was an Initiate of Trog.
             Killed from afar by Ijyb (12 damage)
             ... with a wand of acid (9)
             ... on level 3 of the Dungeon.
             The game lasted 00:06:36 (1966 turns).

Hebeh the Chopper (Minotaur Fighter)                Turns: 1966, Time: 00:06:37

Health: -10/55     AC:  7    Str: 26    XL:     6   Next: 2%
Magic:  5/5        EV:  8    Int:  5    God:    Trog [......]
Gold:   242        SH: 10    Dex:  9    Spells: 5/5 levels left

rFire    . . .     SeeInvis .   a - +2 war axe
rCold    . . .     Gourm    .   c - +0 shield
rNeg     . . .     Faith    .   b - +0 scale mail
rPois    .         Spirit   .   (helmet restricted)
rElec    .         Reflect  .   e - +0 cloak
rCorr    .         Harm     .   (no gloves)
MR       .....                  (no boots)
Stlth    ..........             p - amulet of regeneration
HPRegen  0.58/turn              g - +3 ring of strength
MPRegen  0.09/turn              j - +3 ring of protection

@: corroded
A: retaliatory headbutt, horns 2
a: Renounce Religion


You were on level 3 of the Dungeon.
You worshipped Trog.
Trog was noncommittal.
You were not hungry.

You visited 1 branch of the dungeon, and saw 3 of its levels.

You collected 242 gold pieces.

Inventory:

Hand Weapons
 a - a +2 war axe (weapon)
Armour
 b - a +0 scale mail (worn)
 c - a +0 shield (worn)
 e - a +0 cloak (worn)
Jewellery
 g - a +3 ring of strength (left hand)
 j - a +3 ring of protection (right hand)
 p - an amulet of regeneration (around neck)
Scrolls
 k - a scroll of remove curse
 l - 3 scrolls of magic mapping {unknown}
 o - 2 scrolls of identify
 q - 3 scrolls of random uselessness {unknown}
 r - 2 scrolls of fog {unknown}
 s - a scroll of teleportation {unknown}
Potions
 d - a potion of might
 i - 2 potions of flight
 m - 3 potions of curing
 n - a potion of heal wounds {unknown}
Comestibles
 f - 7 rations
 h - 4 chunks of flesh


   Skills:
 + Level 4.8 Fighting
 * Level 5.2 Axes
 + Level 4.8 Armour
 + Level 4.8 Shields


You had 5 spell levels left.
You didn't know any spells.
Your spell library was empty.

Dungeon Overview and Level Annotations

Branches:
Dungeon (3/15)

Altars:
Cheibriados
Elyvilon
Sif Muna
Trog
Zin

Annotations:
D:3 Ijyb


Innate Abilities, Weirdness & Mutations

You reflexively headbutt those who attack you in melee.
You have a pair of horns on your head.


Message History

You feel stronger.
Ijyb the Twisted Goblin comes into view.
Ijyb is nearby!
Ijyb zaps a wand.
The bolt of acid hits you! The acid corrodes you!
You are splashed with acid!
The acid burns!
It is a wand of acid (10).
Ijyb zaps a wand.
The bolt of acid hits you!
* * * LOW HITPOINT WARNING * * *
You are splashed with acid!
The acid burns!
* * * LOW HITPOINT WARNING * * *
You are too injured to fight recklessly!
You are too injured to fight recklessly!
You are too injured to fight recklessly!
You are too injured to fight recklessly!
You are too injured to fight recklessly!
You are too injured to fight recklessly!
You are too injured to fight recklessly!
You slash Ijyb! Your headbutt misses Ijyb.
Ijyb is moderately wounded.
Ijyb zaps a wand.
The bolt of acid hits you!
You die...

#.######.# ####........#
#.......#####
#.......####################
.........................(....
###.......###################.
.........# #.........# #.
###.......# #.#######.# #)
+.......# #@# #.# #) #.......#
#g# #.# #. ........# #.. #.#
#. ####.#### #### #.#######.
.. #......... ##########


You could see Ijyb.

Vanquished Creatures
  2 orc wizards
  4 gnolls (D:3)
  8 adders
  2 oozes
  A worm (D:2)
  3 dart slugs (D:2)
  6 orcs
  3 giant cockroaches
  11 goblins
  6 hobgoblins
  10 jackals
  2 quokkas (D:3)
  3 ball pythons (D:1)
  7 bats
  A frilled lizard (D:3)
  7 kobolds
  4 rats
80 creatures vanquished.

Notes
Turn   | Place    | Note
-------+----------+-------------------------------------------
     0 | D:1      | Hebeh the Minotaur Fighter began the quest for the Orb.
     0 | D:1      | Reached XP level 1. HP: 19/19 MP: 0/0
    92 | D:1      | Reached XP level 2. HP: 27/27 MP: 1/1
   160 | D:1      | Reached skill level 3 in Axes
   460 | D:1      | Reached XP level 3. HP: 33/33 MP: 2/2
   519 | D:2      | Found a faded altar of an unknown god.
   695 | D:2      | Reached XP level 4. HP: 37/40 MP: 3/3
   810 | D:2      | Reached skill level 4 in Axes
   924 | D:2      | Found a white marble altar of Elyvilon.
   932 | D:2      | Found a glowing silver altar of Zin.
   940 | D:2      | Found a snail-covered altar of Cheibriados.
  1030 | D:2      | Reached XP level 5. HP: 42/47 MP: 4/4
  1325 | D:2      | Found a deep blue altar of Sif Muna.
  1872 | D:3      | Found a bloodstained altar of Trog.
  1881 | D:3      | Became a worshipper of Trog the Wrathful
  1934 | D:3      | Reached skill level 5 in Axes
  1963 | D:3      | Reached XP level 6. HP: 55/55 MP: 5/5
  1963 | D:3      | Noticed Ijyb
  1965 | D:3      | HP: 1/55 [acid (13)]
  1966 | D:3      | Killed from afar by Ijyb

Vault maps used:
D:1:      dpeg_arrival_fog
D:2:      lemuel_blue_sif_altar, minitemple, chequers_ecumenical_altar_island,
          st_stairs_9, minmay_pentomino_s2
D:3:      bloody_trog, first_ration, uniq_ijyb

Skill      XL: |  1  2  3  4  5 |
---------------+----------------+-----
Axes           | 3 4 5 |  5.2
Armour         | 4 |  4.8
Shields        | 4 |  4.8
Fighting       | 4 |  4.8

Action                   |  1- 3 |  4- 6 || total
-------------------------+-------+-------++-------
Melee: War axe           |    68 |    91 ||   159
       Headbutt          |     5 |    13 ||    18
  Use: Scroll            |       |     7 ||     7
  Eat: Chunk             |       |     4 ||     4
Armor: Scale mail        |    33 |    42 ||    75
Dodge: Dodged            |    22 |    28 ||    50
Block: Shield            |    27 |    47 ||    74

Table legend:
 A = Spawn XP
 B = Non-spawn XP
 C = Spawn XP percentage of total XP
 D = Spawn monster count
 E = Non-spawn monster count
 F = Spawn count percentage of total count
 G = Total turns spent on level
                    A         B        C        D         E        F      G
               +---------+---------+-------+---------+---------+-------+---------
         Total |       0 |     389 |   0.0 |       0 |      80 |   0.0 |  1966
               +---------+---------+-------+---------+---------+-------+---------
           D:1 |       0 |      42 |   0.0 |       0 |      23 |   0.0 |   487
           D:2 |       0 |     156 |   0.0 |       0 |      27 |   0.0 |   963
           D:3 |       0 |     191 |   0.0 |       0 |      30 |   0.0 |   516
               +---------+---------+-------+---------+---------+-------+---------
